 Dungeon Crawl Stone Soup version 0.30-a0-1043-g60ff8d5f49 (webtiles) character file.

Game seed: 2644260622138257502

5609 Newt the Fighter (level 10, -10/80 HPs)
             Began as a Demonspawn Gladiator on Apr 10, 2023.
             Was a Believer of Makhleb.
             Mangled by a two-headed ogre
             ... wielding a +0 giant club
              (14 damage)
             ... on level 8 of the Dungeon.
             The game lasted 00:08:34 (6591 turns).

Newt the Fighter (Demonspawn Gladiator)             Turns: 6591, Time: 00:08:35

Health: -10/80     AC: 14    Str: 17    XL:     10   Next: 45%
Magic:  16/19      EV: 12    Int: 10    God:    Makhleb [**....]
Gold:   125        SH:  9    Dex: 16    Spells: 21/21 levels left

rFire   + . .      SeeInvis +    f - +8 quick blade (freeze)
rCold   + . .      Faith    .    (no shield)
rNeg    + . .      Spirit   .    A - +4 scale mail "Kocu" {rElec Stlth+}
rPois   .          Reflect  +    (helmet unavailable)
rElec   +          Rampage  .    H - scarf {rC+ rF+}
rCorr   .                        r - +0 pair of gloves {infuse}
Will    .....                    k - +1 pair of boots
Stlth   ++                       y - amulet of reflection
HPRegen 0.33/turn                i - ring of see invisible
MPRegen 0.32/turn                x - ring of positive energy

@: no status effects
A: antennae 3, large bone plates 1, magic regeneration
a: Renounce Religion, Minor Destruction


You were on level 8 of the Dungeon.
You worshipped Makhleb.
Makhleb was pleased with you.
You visited 2 branches of the dungeon, and saw 9 of its levels.

You collected 353 gold pieces.
You spent 228 gold pieces at shops.

Inventory:

Hand Weapons
 a - a +0 rapier
 f - a +8 quick blade of freezing (weapon)
 I - the +4 triple sword "Etenkupn" {vamp, rPois}
   (You found it on level 8 of the Dungeon)

   rPois:     It protects you from poison.
Missiles
 d - a throwing net (quivered)
 t - 8 boomerangs
 v - 3 javelins
Armour
 b - a +0 leather armour
 c - a +0 helmet
 k - a +1 pair of boots (worn)
 m - a +2 hat
 r - a +0 pair of gloves of infusion (worn)
 s - a +0 pair of gloves of strength
 u - an orb of guile
 A - the +4 scale mail "Kocu" (worn) {rElec Stlth+}
   (You found it on level 5 of the Dungeon)

   rElec:     It insulates you from electricity.
   Stlth:     It makes you more stealthy.
 B - a +2 scale mail of cold resistance
 H - a scarf of resistance (worn)
Magical Staves
 D - the staff of conjuration "Digous Esyck" {rPois rN+ Str-5 Dex+3}
   (You found it on level 5 of the Dungeon)

   [staff of conjuration]

   Base accuracy: +5 Base damage: 5 Base attack delay: 1.2 This weapon's minimum
   attack delay (0.6) is reached at skill level 12.
   Str:       It affects your strength (-5).
   Dex:       It affects your dexterity (+3).
   rPois:     It protects you from poison.
   rN:        It protects you from negative energy.
   It falls into the 'Staves' category.
   It is a one-handed weapon.
Jewellery
 i - a ring of see invisible (left hand)
 x - a ring of positive energy (right hand)
 y - an amulet of reflection (around neck)
 G - a +6 ring of intelligence
Wands
 e - a wand of roots (18)
 g - a wand of polymorph (10)
 w - a wand of quicksilver (19)
 E - a wand of paralysis (14)
Scrolls
 z - a scroll of fear
 C - a scroll of blinking
 J - 2 scrolls of teleportation {unknown}
Potions
 h - 2 potions of mutation {unknown}
 j - a potion of might
 l - 2 potions of haste
 n - a potion of attraction
 o - 3 potions of lignification
 p - a potion of resistance {unknown}
 q - 2 potions of curing
 F - a potion of ambrosia {unknown}


   Skills:
 - Level 8.0 Fighting
 - Level 8.0 Short Blades
 - Level 1.7 Throwing
 - Level 4.0 Armour
 - Level 5.0 Dodging
 - Level 4.0 Stealth
 - Level 6.3 Spellcasting
 + Level 3.2 Evocations


You had 21 spell levels left.
You didn't know any spells.
Your spell library contained the following spells:

 Spells                   Type           Power      Damage    Failure   Level
 Apportation              Tloc           6%         N/A       54%         1
 Foxfire                  Conj/Fire      12%        2x1d4     54%         1
 Necrotise                Necr           12%        1d4       54%         1
 Summon Small Mammal      Summ           12%        N/A       54%         1
 Ensorcelled Hibernation  Hex/Ice        6%         N/A       69%         2
 Lesser Beckoning         Tloc           6%         N/A       69%         2
 Call Canine Familiar     Summ           3%         N/A       89%         3
 Gell's Gravitas          Tloc           3%         N/A       89%         3
 Spider Form              Tmut/Pois      3%         N/A       89%         3
 Summon Guardian Golem    Hex/Summ       3%         N/A       89%         3
 Teleport Other           Tloc           3%         N/A       89%         3
 Anguish                  Hex/Necr       1%         N/A       100%        4
 Fireball                 Conj/Fire      1%         3d3       100%        5
 Plasma Beam              Fire/Air       1%         2x1d12    100%        6
 Starburst                Conj/Fire      1%         6d3       100%        6


Dungeon Overview and Level Annotations

Branches:
Dungeon (8/15)             Temple (1/1) D:4
   Lair: D:8-11

Altars:
Ashenzari
Cheibriados
Dithmenos
Fedhas
Gozag
Hepliaklqana
Kikubaaqudgha
Makhleb
Nemelex Xobeh
Okawaru
Qazlal
Ru
Sif Muna
Uskayaw
Vehumet
Wu Jian
Xom
Yredelemnul

Shops:
D:4 :   D:5 *   D:7 [


Innate Abilities, Weirdness & Mutations

You have a pair of large antennae on your head. (SInv)
You are partially covered in large bone plates. (SH +4)
You regenerate magic rapidly.


Message History

You block the black bear's attack.
The black bear attacks as you move away!
The black bear bites you but does no damage.
The black bear claws you but does no damage.
The black bear completely misses you.
The black bear attacks as you move away!
The black bear bites you but does no damage.
The black bear claws you but does no damage.
You block the black bear's attack.
You see here a throwing net.
You are too injured to fight recklessly!
You are too injured to fight recklessly!
You are too injured to fight recklessly!
You are too injured to fight recklessly!
You are too injured to fight recklessly!
You are too injured to fight recklessly!
You hit the black bear. You freeze the black bear.
The black bear is moderately wounded.
You puncture the black bear! You freeze the black bear.
The black bear is severely wounded.
You puncture the black bear! You freeze the black bear.
You kill the black bear!
Makhleb accepts your kill.
You feel better.
Your Evocations skill increases to level 3!
The vampire gestures at you while chanting.
You are confused.
The two-headed ogre hits you with a +0 giant club!
The two-headed ogre hits you with a +0 giant spiked club.
You bump into the rock wall.
The two-headed ogre hits you with a +0 giant club!
The two-headed ogre hits you with a +0 giant spiked club!
* * * LOW HITPOINT WARNING * * *
Unknown command.
You feel better. The vampire closely misses you. The vampire barely misses you.
The two-headed ogre attacks as you move away!
The two-headed ogre hits you with a +0 giant club!!
* * * LOW HITPOINT WARNING * * *
The two-headed ogre hits you with a +0 giant spiked club!
You die...

.........##......#.#
....[............#.#
.......#..).#....#.# ####
.......#.........).###....##.
.......#......##.÷.....(....
.......#......##....##.##.##
.......#.............#.......
###....######.oV.#......#....
............†O@............
.......##.....<#.#....
######...>.....#.# ...
########### # { {


You could see a two-headed ogre, a vampire and an orc.

Vanquished Creatures
  A centaur warrior (D:8)
  A troll (D:8)
  A hornet (D:7)
  Grinder (D:3)
  A slime creature (D:8)
  A vampire (D:8)
  A wyvern (D:7)
  A vampire mosquito (D:8)
  5 yaks (D:7)
  Edmund (D:5)
  2 water moccasins
  An orc warrior (D:7)
  A sky beast (D:7)
  3 ice beasts
  3 black bears
  2 ogres (D:5)
  3 kobold brigands
  2 phantoms (D:6)
  4 bullfrogs
  5 killer bees (D:7)
  4 howler monkeys
  2 jellies
  5 orc priests
  6 hounds
  A gnoll bouda (D:5)
  4 sleepcaps
  An iguana (D:4)
  Ijyb (D:4)
  2 orc wizards
  Terence (D:3)
  4 gnolls (D:7)
  6 adders
  An ufetubus (D:7)
  2 worms
  3 dart slugs
  16 orcs
  10 ball pythons
  4 bats
  6 endoplasms
  4 giant cockroaches
  13 goblins
  9 hobgoblins
  10 jackals
  6 quokkas
  5 frilled lizards
  13 kobolds
  4 rats
183 creatures vanquished.

Vanquished Creatures (others)
  A plant (D:3)
  2 withered plants (D:3)
3 creatures vanquished.

Grand Total: 186 creatures vanquished

Notes
Turn   | Place    | Note
-------+----------+-------------------------------------------
     0 | D:1      | Newt the Demonspawn Gladiator began the quest for the Orb.
     0 | D:1      | Reached XP level 1. HP: 16/16 MP: 1/1
   159 | D:1      | Gained mutation: You have a pair of small antennae on your
                  | head. [demonic ancestry]
   159 | D:1      | Reached XP level 2. HP: 23/23 MP: 2/2
   859 | D:2      | Gained mutation: You are partially covered in large bone
                  | plates. (SH +4) [demonic ancestry]
   859 | D:2      | Reached XP level 3. HP: 29/29 MP: 3/3
   865 | D:2      | Identified a scroll of acquirement
   865 | D:2      | Acquired a +5 quick blade of freezing
  1228 | D:2      | Reached XP level 4. HP: 36/37 MP: 4/4
  1474 | D:3      | Noticed a +0 dagger
  1483 | D:3      | Noticed a +0 dagger
  1535 | D:3      | Found a hide-covered altar of Uskayaw.
  1538 | D:3      | Noticed Terence
  1541 | D:3      | Noticed Grinder
  1551 | D:3      | Killed Terence
  1556 | D:3      | Paralysed by Grinder for 3 turns
  1569 | D:3      | Killed Grinder
  1570 | D:3      | Reached skill level 5 in Short Blades
  1570 | D:3      | Reached XP level 5. HP: 30/42 MP: 5/5
  1570 | D:3      | Reached XP level 6. HP: 34/48 MP: 6/6
  2214 | D:3      | Found a faded altar of an unknown god.
  2441 | D:4      | Found Feexky's Vocational Training.
  2448 | D:4      | Gained mutation: You regenerate magic rapidly. [demonic
                  | ancestry]
  2448 | D:4      | Reached XP level 7. HP: 54/54 MP: 4/7
  2889 | D:4      | Found a shadowy altar of Dithmenos.
  3015 | D:4      | Noticed Ijyb
  3030 | D:4      | Killed Ijyb
  3031 | D:4      | Reached skill level 5 in Dodging
  3218 | D:4      | Found a staircase to the Ecumenical Temple.
  3226 | Temple   | Entered the Ecumenical Temple
  3317 | Temple   | Became a worshipper of Makhleb the Destroyer
  3362 | D:5      | Entered Level 5 of the Dungeon
  3386 | D:5      | Reached skill level 1 in Stealth
  3669 | D:5      | Gained mutation: You have a pair of antennae on your head.
                  | [demonic ancestry]
  3669 | D:5      | Reached XP level 8. HP: 60/60 MP: 5/8
  3761 | D:5      | Reached skill level 1 in Spellcasting
  3801 | D:5      | Identified the +4 scale mail "Kocu" {rElec Stlth+}
  3892 | D:5      | Noticed Edmund
  3913 | D:5      | Killed Edmund
  4162 | D:5      | Identified the staff of conjuration "Digous Esyck" {rPois
                  | rN+ Str-5 Dex+3}
  4170 | D:5      | Found Bogeo's Assorted Antiques.
  4177 | D:5      | Bought a scroll of enchant weapon for 180 gold pieces
  4177 | D:5      | Bought a scroll of identify for 48 gold pieces
  4468 | D:6      | Reached skill level 5 in Spellcasting
  4538 | D:6      | Reached * piety under Makhleb
  4656 | D:6      | Reached XP level 9. HP: 66/66 MP: 13/18
  4757 | D:6      | Found a shimmering blue altar of Sif Muna.
  4822 | D:6      | Found a shimmering altar of Xom.
  5008 | D:7      | Reached skill level 5 in Fighting
  5647 | D:7      | Reached skill level 1 in Armour
  5654 | D:7      | Reached ** piety under Makhleb
  5712 | D:7      | Found an opulent altar of Gozag.
  5850 | D:7      | Gained mutation: You have a pair of large antennae on your
                  | head. (SInv) [demonic ancestry]
  5850 | D:7      | Reached XP level 10. HP: 65/80 MP: 0/19
  6278 | D:7      | Found Sucveb's Armour Shoppe.
  6354 | D:8      | Noticed a centaur warrior
  6380 | D:8      | Killed a centaur warrior
  6545 | D:8      | Identified the +4 triple sword "Etenkupn" {vamp, rPois}
  6562 | D:8      | Noticed a two-headed ogre
  6591 | D:8      | HP: 4/80 [two-headed ogre/+0 giant club (19)]
  6591 | D:8      | Mangled by a two-headed ogre

Illustrated notes

Levels and vault maps discovered:
D:1:      arrival_zaba_pyramid, layout_basic, hangedman_decor_push
D:2:      layout_rooms
D:3:      layout_rooms, dancing_weapons_uskayaw,
          shapermc_ecumenical_altar_flowoftime, hellmonk_no_cap, uniq_terence,
          uniq_grinder
D:4:      kennysheep_the_goblin_king, layout_basic, kennysheep_mini_moat,
          minmay_temple_entry_offerings, chequers_serial_rivers_room_b,
          nicolae_shop_vocational
D:5:      layout_basic, serial_shops, shop, minmay_between, uniq_edmund
D:6:      layout_rooms, overflow_temple_1_default, lemuel_round_altar
D:7:      layout_loops_corners, nicolae_gozag_seed_capital, elyvilon_altar_3,
          serial_shops, kennysheep_mini
D:8:      minmay_cut_squares, layout_basic, zin_statuary, trog_ov_bears_minmay
Temple:   nicolae_temple_great_sept

Skill      XL: |  1  2  3  4  5  6  7  8  9 10 |
---------------+-------------------------------+-----
Fighting       | 3 4 8 |  8.0
Short Blades   | 3 5 6 8 |  8.0
Dodging        | 3 5 |  5.0
Stealth        | 4 |  4.0
Spellcasting   | 6 |  6.3
Armour         | 4 |  4.0
Evocations     | 3 |  3.2
Throwing       | |  1.7

Action                     |  1- 3 |  4- 6 |  7- 9 | 10-12 || total
---------------------------+-------+-------+-------+-------++-------
  Melee: Rapier            |    82 |       |       |       ||    82
         Quick blade       |    29 |   116 |   322 |   104 ||   571
         Punch             |       |     2 |    12 |     2 ||    16
  Throw: Throwing net      |       |     1 |       |     2 ||     3
         Javelin           |       |       |     3 |       ||     3
    Use: Scroll            |     1 |     3 |     5 |     2 ||    11
         Potion            |       |       |     2 |     1 ||     3
   Stab: Sleeping          |     1 |       |     9 |     1 ||    11
         Held in net/web   |       |     1 |       |       ||     1
 Armour: Leather armour    |    23 |    25 |    18 |       ||    66
         Scale mail        |       |       |    39 |    28 ||    67
  Dodge: Dodged            |    74 |    31 |    76 |    27 ||   208
  Block: Other             |     6 |     8 |    73 |    21 ||   108
         Reflection        |       |       |     4 |     1 ||     5

Table legend: (Time is in decaauts)
 A = Elapsed time spent in this place.
 B = Non-inter-level travel time spent in this place.
 C = Inter-level travel time spent in this place.
 D = Time resting spent in this place.
 E = Time spent auto-exploring this place.
 F = Levels seen in this place.
 G = Mean time per level.
                   A        B        C        D        E       F      G
               +--------+--------+--------+--------+--------+-----+--------+
         Total |   6263 |   6019 |    244 |    545 |   4456 |   9 |  695.9 |
       Dungeon |   6162 |   5946 |    216 |    545 |   4393 |   8 |  770.2 |
        Temple |    101 |     74 |     27 |      0 |     63 |   1 |  101.0 |
               +--------+--------+--------+--------+--------+-----+--------+

Top non-repeatable levels by time:
     D:7: 1338 daAuts
     D:5: 992 daAuts
     D:4: 883 daAuts
     D:1: 861 daAuts
     D:3: 819 daAuts
     D:2: 595 daAuts
     D:6: 539 daAuts
     D:8: 131 daAuts
  Temple: 101 daAuts
